 Dungeon Crawl Stone Soup version 0.28.0 (webtiles) character file.

Game seed: 17964177685832375777

4029 RepHenryClay the Ruffian (level 10, -8/77 HPs)
             Began as a Gnoll Wanderer on Feb 13, 2022.
             Was a Follower of Makhleb.
             Mangled by a sixfirhy (12 damage)
             ... summoned by a kobold demonologist
             ... on level 9 of the Dungeon.
             The game lasted 00:21:33 (13135 turns).

RepHenryClay the Ruffian (Gnoll Wanderer)          Turns: 13135, Time: 00:21:34

Health: -8/77      AC: 13    Str: 26    XL:     10   Next: 24%
Magic:  18/18      EV: 10    Int:  8    God:    Makhleb [*.....]
Gold:   43         SH:  0    Dex: 11    Spells: 16/20 levels left

rFire   . . .      SeeInvis .   b - +0 dagger (venom)
rCold   . . .      Faith    .   (no shield)
rNeg    . . .      Spirit   .   t - +0 chain mail
rPois   .          Reflect  .   (no helmet)
rElec   .          Harm     .   j - +0 cloak
rCorr   .          Rampage  .   v - +0 pair of gloves
Will    +....                   r - +0 pair of boots
Stlth   ..........              H - amulet of regeneration
HPRegen 1.02/turn               G - ring of willpower
MPRegen 0.16/turn               F - +6 ring of strength

@: lethally poisoned (-8 -> -18)
A: fangs 1, strong nose, distributed training
a: Renounce Religion


You were on level 9 of the Dungeon.
You worshipped Makhleb.
Makhleb was aware of your devotion.
You visited 1 branch of the dungeon, and saw 9 of its levels.

You collected 453 gold pieces.
You spent 410 gold pieces at shops.

Inventory:

Hand Weapons
 a - a +1 flail of protection
 b - a +0 dagger of venom (weapon)
 q - a +1 spear of flaming
 s - a +0 whip of protection
Missiles
 u - 9 poisoned darts
 x - 5 javelins (quivered)
 E - a curare-tipped dart
Armour
 j - a +0 cloak (worn)
 r - a +0 pair of boots (worn)
 t - a +0 chain mail (worn)
 v - a +0 pair of gloves (worn)
Jewellery
 o - a ring of wizardry
 F - a +6 ring of strength (right hand)
 G - a ring of willpower (left hand)
 H - an amulet of regeneration (around neck)
Wands
 c - a wand of flame (33)
 y - a wand of iceblast (10)
 B - a wand of acid (18)
Scrolls
 h - a scroll of brand weapon
 k - 12 scrolls of identify {unknown}
 l - a scroll of teleportation
 m - a scroll of fog
 p - 2 scrolls of blinking
 w - 2 scrolls of noise {unknown}
 C - a scroll of amnesia {unknown}
Potions
 d - 6 potions of curing
 e - 4 potions of haste
 f - a potion of might
 g - a potion of heal wounds
 i - a potion of brilliance
 n - a potion of attraction {unknown}
 z - a potion of berserk rage {unknown}
 A - 3 potions of cancellation {unknown}
 D - a potion of flight {unknown}


   Skills:
 + Level 6.9 Fighting
 + Level 5.1 Short Blades
 + Level 5.1 Long Blades
 + Level 5.1 Axes
 + Level 5.1 Maces & Flails
 + Level 5.1 Polearms
 + Level 5.1 Staves
 + Level 5.1 Slings
 + Level 5.1 Bows
 + Level 5.1 Crossbows
 + Level 5.1 Throwing
 + Level 5.8 Armour
 + Level 5.8 Dodging
 + Level 5.1 Stealth
 + Level 5.1 Shields
 + Level 6.9 Unarmed Combat
 + Level 5.9 Spellcasting
 + Level 4.2 Conjurations
 + Level 4.2 Hexes
 + Level 4.2 Summonings
 + Level 4.2 Necromancy
 + Level 5.7 Translocations
 + Level 4.2 Transmutations
 + Level 4.2 Fire Magic
 + Level 4.2 Ice Magic
 + Level 4.2 Air Magic
 + Level 4.2 Earth Magic
 + Level 4.2 Poison Magic
 + Level 5.6 Invocations
 + Level 5.8 Evocations


You had 16 spell levels left.
You knew the following spells:

 Your Spells              Type           Power      Damage    Failure   Level
a - Apportation           Tloc           22%        N/A       13%         1
b - Swiftness             Air            9%         N/A       58%         3

Your spell library contained the following spells:

 Spells                   Type           Power      Damage    Failure   Level
 Ensorcelled Hibernation  Hex/Ice        18%        N/A       36%         2
 Passwall                 Tmut/Erth      7%         N/A       36%         2
 Portal Projectile        Hex/Tloc       20%        N/A       47%         3
 Call Canine Familiar     Summ           9%         N/A       58%         3
 Tukima's Dance           Hex            9%         N/A       58%         3
 Passage of Golubria      Tloc           11%        N/A       77%         4
 Iskenderun's Mystic Bla  Conj/Tloc      10%        2d4       87%         4
 Fulminant Prism          Conj/Hex       4%         3d6       94%         4
 Leda's Liquefaction      Hex/Erth       4%         N/A       94%         4
 Lee's Rapid Deconstruct  Erth           4%         3d6*      100%        5
 Yara's Violent Unravell  Hex/Tmut       4%         3d4       100%        5
 Dispersal                Tloc           5%         N/A       100%        6
 Disjunction              Tloc           5%         N/A       100%        8


Dungeon Overview and Level Annotations

Branches:
Dungeon (9/15)             Temple (0/1) D:5            Lair (0/6) D:8
    Orc (0/2) D:9

Altars:
Gozag
Makhleb
Qazlal
Trog

Shops:
D:1 =   D:3 !   D:5 =

Annotations:
D:9 Erolcha


Innate Abilities, Weirdness & Mutations

You have very sharp teeth.
Your uncanny sense of smell can sniff out nearby items.
Your experience applies equally to all skills.


Message History

The kobold demonologist is lightly wounded.
You closely miss the kobold demonologist.
Your bite misses the kobold demonologist.
The kobold demonologist is moderately wounded.
The kobold hits you with a +0 dagger.
The kobold demonologist gestures wildly while chanting.
Damage: -3%(-3hp) hp: 97%(74hp)
You barely miss the kobold demonologist.
The kobold demonologist is moderately wounded.
The sixfirhy hits you. The sixfirhy shocks you! The kobold barely misses you.
The kobold hits you with a +0 dagger.
The kobold demonologist hits you with a +1 dagger of venom.
You are poisoned.
The sixfirhy barely misses you.
Huge Dmg: -26%(-20hp) hp: 71%(54hp)
You hit the kobold demonologist but do no damage.
The kobold demonologist looks as sick as possible!
The kobold demonologist is moderately wounded.
You feel sick. The sixfirhy hits you. The sixfirhy shocks you!
The sixfirhy hits you but does no damage.
The sixfirhy hits you. The sixfirhy shocks you!
* * * LOW HITPOINT WARNING * * *
The sixfirhy completely misses you.
The sixfirhy hits you but does no damage.
The kobold hits you but does no damage.
Huge Dmg: -35%(-27hp) hp: 36%(27hp)
You closely miss the sixfirhy.
You feel sick. The sixfirhy hits you!
* * * LOW HITPOINT WARNING * * *
The sixfirhy shocks you!
* * * LOW HITPOINT WARNING * * *
The sixfirhy barely misses you.
The sixfirhy hits you but does no damage.
The sixfirhy closely misses you.
The kobold demonologist hits you with a +1 dagger of venom.
* * * LOW HITPOINT WARNING * * *
You are lethally poisoned!
The sixfirhy hits you.
* * * LOW HITPOINT WARNING * * *
The sixfirhy shocks you!
You die...

...K... ....... ##...#
##..###### #.#####
#......... #.....#
#......... ##########.##
#......... ............#
####K........
#######.###.###>3@K...(....
#.......# #.##..##3K.......
#######.# #.##.###.........
....#...# #....# #........?
###.#.### #.#### #.........
.(....# ...# #.........
########.#### #####+### #


You could see a kobold demonologist (extremely poisoned), 2 sixfirhies and 2
kobolds.

Vanquished Creatures
  A wyvern (D:7)
  9 yaks
  Menkaure (D:6)
  A steam dragon (D:8)
  An acid dragon (D:8)
  A water moccasin (D:6)
  4 orc warriors
  2 black bears
  2 ogres
  A centaur (D:7)
  A phantom (D:5)
  2 kobold brigands
  4 bullfrogs
  3 howler monkeys (D:7)
  5 hounds
  5 orc priests
  3 orc wizards
  Natasha (D:2)
  5 iguanas
  A killer bee zombie (D:7)
  A howler monkey zombie (D:6)
  4 gnolls
  6 adders
  A shadow imp (D:7)
  2 white imps
  2 worms
  2 dart slugs (D:1)
  14 orcs
  7 ball pythons
  4 endoplasms
  4 giant cockroaches
  4 goblins
  5 hobgoblins
  4 jackals (D:4)
  5 quokkas
  6 bats
  2 frilled lizards (D:1)
  12 kobolds
  8 rats
  A toadstool (D:1)
147 creatures vanquished.

Vanquished Creatures (collateral kills)
  An iguana (D:5)
1 creature vanquished.

Vanquished Creatures (others)
  A rat (D:2)
  A plant (D:8)
  3 toadstools (D:1)
5 creatures vanquished.

Grand Total: 153 creatures vanquished

Notes
Turn   | Place    | Note
-------+----------+-------------------------------------------
     0 | D:1      | RepHenryClay the Gnoll Wanderer began the quest for the
                  | Orb.
     0 | D:1      | RepHenryClay set off with the following items: a +0 club, a
                  | scroll of blinking, a potion of lignification, a +0 leather
                  | armour, a potion of haste; and the following spell
                  | memorised: Apportation; and the following spells available
                  | to memorise: Portal Projectile
     0 | D:1      | Reached XP level 1. HP: 20/20 MP: 4/4
   261 | D:1      | Reached XP level 2. HP: 16/26 MP: 5/5
   713 | D:1      | Found Ashif's Jewellery Shoppe.
  1045 | D:1      | Reached XP level 3. HP: 27/31 MP: 7/7
  1685 | D:2      | Reached skill level 1 in Invocations
  2037 | D:2      | Reached skill level 1 in Short Blades
  2037 | D:2      | Reached skill level 1 in Long Blades
  2037 | D:2      | Reached skill level 1 in Axes
  2037 | D:2      | Reached skill level 1 in Maces & Flails
  2037 | D:2      | Reached skill level 1 in Polearms
  2037 | D:2      | Reached skill level 1 in Staves
  2037 | D:2      | Reached skill level 1 in Slings
  2037 | D:2      | Reached skill level 1 in Bows
  2037 | D:2      | Reached skill level 1 in Crossbows
  2037 | D:2      | Reached skill level 1 in Throwing
  2037 | D:2      | Reached skill level 1 in Stealth
  2037 | D:2      | Reached skill level 1 in Shields
  2444 | D:2      | Noticed Natasha
  2456 | D:2      | Killed Natasha
  2457 | D:2      | Reached XP level 4. HP: 37/38 MP: 8/8
  2855 | D:3      | Found Zaguyb's Distillery.
  2917 | D:2      | Reached skill level 1 in Conjurations
  2917 | D:2      | Reached skill level 1 in Hexes
  2917 | D:2      | Reached skill level 1 in Summonings
  2917 | D:2      | Reached skill level 1 in Necromancy
  2917 | D:2      | Reached skill level 1 in Transmutations
  2917 | D:2      | Reached skill level 1 in Fire Magic
  2917 | D:2      | Reached skill level 1 in Ice Magic
  2917 | D:2      | Reached skill level 1 in Air Magic
  2917 | D:2      | Reached skill level 1 in Earth Magic
  2917 | D:2      | Reached skill level 1 in Poison Magic
  3392 | D:3      | Reached XP level 5. HP: 36/43 MP: 9/9
  3909 | D:3      | Bought a potion of heal wounds for 50 gold pieces
  3909 | D:3      | Bought a potion of curing for 30 gold pieces
  3977 | D:3      | You fall into a shaft and drop 2 floors!
  3977 | D:5      | Entered Level 5 of the Dungeon
  4054 | D:5      | Noticed a phantom
  4130 | D:5      | Found a burning altar of Makhleb.
  4209 | D:5      | Reached XP level 6. HP: 46/50 MP: 9/11
  4222 | D:5      | Reached skill level 5 in Fighting
  4222 | D:5      | Reached skill level 5 in Unarmed Combat
  4450 | D:5      | Became a worshipper of Makhleb the Destroyer
  4664 | D:4      | Noticed a black bear
  4725 | D:4      | Killed a black bear
  4726 | D:4      | Reached XP level 7. HP: 49/56 MP: 12/12
  5946 | D:5      | Found a stormy altar of Qazlal.
  6056 | D:5      | Found a staircase to the Ecumenical Temple.
  6095 | D:5      | Found Ucsang's Jewellery Emporium.
  6577 | D:6      | Noticed Menkaure
  6622 | D:6      | Killed Menkaure
  7499 | D:6      | Reached XP level 8. HP: 27/63 MP: 14/14
  9027 | D:7      | Reached * piety under Makhleb
  9303 | D:7      | Noticed a shadow
  9704 | D:7      | Noticed a wyvern
  9748 | D:7      | Reached XP level 9. HP: 59/69 MP: 16/16
  9752 | D:7      | Reached skill level 5 in Translocations
 10123 | D:7      | Found an opulent altar of Gozag.
 10518 | D:8      | Reached skill level 5 in Spellcasting
 10729 | D:8      | Found a staircase to the Lair.
 10789 | D:8      | Reached skill level 5 in Armour
 10789 | D:8      | Reached skill level 5 in Dodging
 10789 | D:8      | Reached skill level 5 in Evocations
 11045 | D:7      | Reached skill level 5 in Invocations
 11703 | D:8      | Reached XP level 10. HP: 52/77 MP: 18/18
 11926 | D:8      | Learned a level 3 spell: Swiftness
 11990 | D:8      | Reached skill level 5 in Short Blades
 11990 | D:8      | Reached skill level 5 in Long Blades
 11990 | D:8      | Reached skill level 5 in Axes
 11990 | D:8      | Reached skill level 5 in Maces & Flails
 11990 | D:8      | Reached skill level 5 in Polearms
 11990 | D:8      | Reached skill level 5 in Staves
 11990 | D:8      | Reached skill level 5 in Slings
 11990 | D:8      | Reached skill level 5 in Bows
 11990 | D:8      | Reached skill level 5 in Crossbows
 11990 | D:8      | Reached skill level 5 in Throwing
 11990 | D:8      | Reached skill level 5 in Stealth
 11990 | D:8      | Reached skill level 5 in Shields
 12464 | D:8      | Found a bloodstained altar of Trog.
 12666 | D:9      | Noticed Erolcha
 12864 | D:1      | Bought an amulet of regeneration for 330 gold pieces
 13054 | D:9      | Found a staircase to the Orcish Mines.
 13116 | D:9      | Noticed a kobold demonologist
 13130 | D:9      | Noticed a sixfirhy
 13133 | D:9      | Noticed a sixfirhy
 13135 | D:9      | Mangled by a sixfirhy

Illustrated notes

Levels and vault maps discovered:
D:1:      ldierk_water_garden, layout_basic, serial_shops, shop
D:2:      layout_loops_cross, eino_curves_03, uniq_natasha
D:3:      layout_basic, serial_shops, nicolae_shop_statue_plus, st_stairs_9,
          kennysheep_generic_room_4
D:4:      layout_basic
D:5:      layout_loops_ring, grunt_qazlal_clouds, mainiacjoe_overflow_brackets,
          minmay_temple_entry_enclosed_plants, serial_shops,
          nicolae_stop_n_shop_2
D:6:      layout_basic, kennysheep_nub, uniq_menkaure
D:7:      layout_cave_pools, grunt_gozag_breadcrumbs, serial_column_ruins,
          column_ruins_open_small, column_ruins_columns_dead_end,
          column_ruins_open_tiny, column_ruins_grid_1
D:8:      layout_basic, trog_butcher_becter, dpeg_oklobed_lair
D:9:      layout_roguey, yredelemnul_forgotten_temple_becter,
          pf_just_have_faith, orc_0_dummy, uniq_erolcha

Skill      XL: |  1  2  3  4  5  6  7  8  9 10 |
---------------+-------------------------------+-----
Invocations    | 1 2 3 4 5 |  5.6
Short Blades   | 1 2 3 4 5 |  5.1
Long Blades    | 1 2 3 4 5 |  5.1
Axes           | 1 2 3 4 5 |  5.1
Maces & Flails | 1 2 3 4 5 |  5.1
Polearms       | 1 2 3 4 5 |  5.1
Staves         | 1 2 3 4 5 |  5.1
Slings         | 1 2 3 4 5 |  5.1
Bows           | 1 2 3 4 5 |  5.1
Crossbows      | 1 2 3 4 5 |  5.1
Throwing       | 1 2 3 4 5 |  5.1
Stealth        | 1 2 3 4 5 |  5.1
Shields        | 1 2 3 4 5 |  5.1
Spellcasting   | 3 4 5 |  5.9
Conjurations   | 1 2 3 4 |  4.2
Hexes          | 1 2 3 4 |  4.2
Summonings     | 1 2 3 4 |  4.2
Necromancy     | 1 2 3 4 |  4.2
Transmutations | 1 2 3 4 |  4.2
Fire Magic     | 1 2 3 4 |  4.2
Ice Magic      | 1 2 3 4 |  4.2
Air Magic      | 1 2 3 4 |  4.2
Earth Magic    | 1 2 3 4 |  4.2
Poison Magic   | 1 2 3 4 |  4.2
Armour         | 3 4 5 |  5.8
Dodging        | 3 4 5 |  5.8
Evocations     | 3 4 5 |  5.8
Translocations | 4 5 |  5.7
Fighting       | 5 6 |  6.9
Unarmed Combat | 5 6 |  6.9

Action                   |  1- 3 |  4- 6 |  7- 9 | 10-12 || total
-------------------------+-------+-------+-------+-------++-------
Melee: Club              |    87 |       |       |       ||    87
       Bite              |    10 |    17 |    35 |     6 ||    68
       Unarmed           |    51 |   146 |    94 |       ||   291
       Punch             |     3 |     5 |    17 |     4 ||    29
       Flail             |       |       |   215 |    22 ||   237
       Dagger            |       |       |    66 |    32 ||    98
Throw: Javelin           |     2 |     1 |     5 |       ||     8
       Dart              |       |     5 |    25 |       ||    30
Evoke: Wand              |       |       |    12 |       ||    12
  Use: Potion            |     1 |     2 |     4 |       ||     7
       Scroll            |       |     6 |     1 |       ||     7
 Stab: Sleeping          |     1 |       |       |       ||     1
Armor: Leather armour    |    55 |       |       |       ||    55
       Scale mail        |       |    29 |       |       ||    29
       Chain mail        |       |    64 |   246 |    16 ||   326
Dodge: Dodged            |    85 |    85 |   163 |    26 ||   359
